 Dungeon Crawl Stone Soup version 0.31-a0-799-g6bc09d010c (webtiles) character file.

Game seed: 2768313972079926919

2874 sanka2 the Grappler (level 9, -1/67 HPs)
             Began as a Red Draconian Shapeshifter on Sept 19, 2023.
             Was a Priest of Nemelex Xobeh.
             Slain by a +3 trident of chaos (9 damage)
             ... on level 7 of the Dungeon.
             The game lasted 00:18:53 (8848 turns).

sanka2 the Grappler (Red Draconian Shapeshifter)    Turns: 8848, Time: 00:18:54

Health: -1/67      AC:  7    Str: 17    XL:     9   Next: 47%
Magic:  9/9        EV: 12    Int: 11    God:    Nemelex Xobeh [***...]
Gold:   141        SH:  0    Dex: 14    Spells: 8/8 levels left

rFire   + +          .
                       - Unarmed
rCold   + . .        (no shield)
rNeg    . . .        (body armour unavailable)
rPois   +            (helmet currently unavailable)
rElec   +            (cloak currently unavailable)
rCorr   +            (gloves currently unavailable)
SInv    .            (boots currently unavailable)
Will    +....        (no amulet)
Stlth   +            w - ring of willpower
HPRegen 0.31/turn    H - ring of resist corrosion
MPRegen 0.11/turn

%: no passive effects
@: short of breath, beast-form, resistant
A: beast (slay +3), breathe fire, AC +7, unfitting armour, fire resistance 1,
cold-blooded
a: Breathe Fire, Begin Untransformation, Renounce Religion, Draw Escape, Draw
Destruction, Draw Summoning, Triple Draw


You were on level 7 of the Dungeon.
You worshipped Nemelex Xobeh.
Nemelex Xobeh was most pleased with you.
You were a hulking beast.
You visited 1 branch of the dungeon, and saw 7 of its levels.

You collected 431 gold pieces.
You spent 290 gold pieces at shops.


Innate Abilities, Weirdness & Mutations

You are a hulking beast.
Your limbs bulge with bestial killing power. (Slay +3)
You can breathe blasts of fire.
Your fiery red scales are hard. (AC +7)
You cannot fit into any form of body armour.
Your flesh is heat resistant. (rF+)
You are cold-blooded and may be slowed by cold attacks.


   Skills:
 - Level 2.0 Fighting
 - Level 2.0 Dodging
 + Level 11.5 Unarmed Combat
 + Level 6.9 Shapeshifting


You had 8 spell levels left.
You didn't know any spells.
Your spell library contained the following spells:

 Spells                   Type           Power      Damage    Failure   Level
 Necrotise                Necr           0%         1d4       34%         1
 Slow                     Hex            0%         N/A       34%         1
 Confusing Touch          Hex            0%         N/A       71%         3
 Dazzling Flash           Conj/Hex       0%         N/A       71%         3
 Hailstorm                Conj/Ice       0%         3d3       71%         3
 Sigil of Binding         Hex            0%         N/A       71%         3
 Vampiric Draining        Necr           0%         2d6       71%         3
 Summon Ice Beast         Ice/Summ       0%         N/A       98%         4
 Agony                    Necr           0%         N/A       100%        5
 Silence                  Hex/Air        0%         N/A       100%        5
 Summon Forest            Summ/Tloc      0%         N/A       100%        5
 Eringya's Noxious Bog    Tmut/Pois      0%         4d6       100%        6
 Simulacrum               Ice/Necr       0%         N/A       100%        6
 Summon Hydra             Summ           0%         N/A       100%        7

Inventory:

Missiles
 B - a throwing net (quivered) {=f}
 J - 2 curare-tipped darts {=f}
Armour
 D - a +2 cloak
Jewellery
 p - a ring of ice
 w - a ring of willpower (left hand)
 H - a ring of resist corrosion (right hand)
Talismans
 b - a beast talisman (active)
 c - a flux talisman
 I - a blade talisman
Wands
 A - a wand of mindburst (13)
 F - a wand of flame (3)
 L - a wand of digging (6)
Scrolls
 d - 3 scrolls of immolation {!r}
 e - a scroll of butterflies
 g - 2 scrolls of poison {!r}
 k - a scroll of enchant armour
 m - 2 scrolls of amnesia
 n - a scroll of fog
 o - 2 scrolls of teleportation
 q - a scroll of blinking
 s - 2 scrolls of fear
 t - a scroll of revelation
 u - a scroll of torment {!r}
 y - 2 scrolls of noise {!r}
 M - 3 scrolls of enchant weapon {unknown}
Potions
 a - a potion of lignification {!q}
 f - 3 potions of magic
 h - a potion of heal wounds
 i - 2 potions of enlightenment
 j - 3 potions of curing
 l - a potion of brilliance
 r - 2 potions of resistance
 v - a potion of invisibility
 x - 2 potions of mutation {!q}
 z - a potion of attraction {!q}
 G - a potion of cancellation {unknown}
 K - a potion of haste {unknown}
Miscellaneous
 C - a phantom mirror
 E - a lightning rod (4/4) {!a}

Dungeon Overview and Level Annotations

Branches:
Dungeon (7/15)             Temple (0/1) D:5

Altars:
Ashenzari
Dithmenos
Elyvilon
Nemelex Xobeh
Okawaru
Qazlal
Sif Muna
Uskayaw
Vehumet
Xom
Yredelemnul
Zin
The Shining One

Shops:
D:2 ???(   D:5 *(((!?( D:7

= ▒.......▒.........▒▒▒.....▒▒
▒.......▒.........+▒▒.....▒▒
▒.......▒.........▒▒▒.._..▒▒
▒.......'.........▒▒▒.....▒▒
▒.......▒.....▒▒▒.▒▒▒.))).▒▒
▒▒▒▒▒.......▒▒▒▒..▒.▒▒▒▒▒▒▒.▒▒▒▒▒
..▒..▒▒▒▒▒........7_.▒.▒▒▒▒'▒▒▒▒▒
.........▒........▒"▒▒..........+
...▒.....▒......h.▒▒▒...........▒
...▒.....▒......................▒
▒.▒▒.▒▒..▒..................▒'▒.▒
▒.▒▒.▒▒..▒▒▒+▒▒▒▒▒▒▒▒....▒'▒▒∩▒▒▒
.....<...▒..........▒....▒..▒▒▒.▒
.........▒..........'....▒......▒
.........▒..........▒....▒......▒
▒▒...▒▒▒.▒▒▒▒▒▒▒▒▒▒▒▒....▒▒▒▒▒..▒
▒▒▒▒▒▒▒▒.▒▒▒..▒▒.......▒▒▒.▒▒▒..▒


You could see a +3 trident of chaos.


Message History

Incide's ghost closely misses you.
The +3 trident of chaos hits you from afar!
You completely miss incide's ghost. Your punch misses incide's ghost.
Incide's ghost is heavily damaged.
The +3 trident of chaos hits you from afar!!
* * * LOW HITPOINT WARNING * * *
Incide's ghost is engulfed in blazing flames.
Incide's ghost barely misses you.
You barely miss incide's ghost.
Incide's ghost is heavily damaged.
The +3 trident of chaos barely misses you.
Unknown command.
You miss incide's ghost.
Your tail-slap misses incide's ghost.
Incide's ghost is heavily damaged.
Incide's ghost is engulfed in blazing flames.
Incide's ghost barely misses you.
The +3 trident of chaos hits you from afar!
* * * LOW HITPOINT WARNING * * *
The +3 trident of chaos freezes you.
* * * LOW HITPOINT WARNING * * *
You miss incide's ghost.
Incide's ghost is almost destroyed.
The +3 trident of chaos completely misses you.
Incide's ghost is engulfed in blazing flames.
You destroy incide's ghost!
Unknown command.
The +3 trident of chaos is engulfed in blazing flames.
The +3 trident of chaos hits you from afar!
You die...
Your body glows slightly and disappears.

Action                     |  1- 3 |  4- 6 |  7- 9 || total
---------------------------+-------+-------+-------++-------
  Melee: Unarmed           |   107 |   185 |   165 ||   457
         Tailslap          |    10 |    29 |    26 ||    65
         Punch             |     3 |     5 |     9 ||    17
Ability: Breathe Fire      |       |       |     5 ||     5
    Use: Scroll            |       |     8 |    12 ||    20
         Potion            |       |       |     1 ||     1
   Stab: Sleeping          |     1 |       |     1 ||     2
 Armour: Skin              |    42 |   106 |   110 ||   258
  Dodge: Dodged            |    71 |    93 |    86 ||   250

Levels and vault maps discovered:
D:1:      roderic_crop_circles_arrival_small, layout_basic, minmay_heptomino_o4
D:2:      layout_loops_corners, serial_shops, shop, shop, shop,
          nicolae_shop_real_fake_doors, chequers_big_river,
          uniq_crazy_yiuf_cottage, uniq_terence, uniq_sigmund
D:3:      layout_basic, mainiacjoe_overflow_alcove_4,
          nemelex_diamond_rough_becter, uniq_jessica
D:4:      layout_rooms, nicolae_yredelemnul_corpse_copse, lemuel_doored_altar,
          hangedman_decor_slide_cut, minmay_misc_feat_four_crosses
D:5:      layout_rooms, zin_academy, minmay_temple_entry_arrows, serial_shops,
          nicolae_shop_temple_entry_statues_fountains, nicolae_wooded_promenade,
          minmay_hollow_rounded_squares, uniq_edmund
D:6:      layout_loops_ring, kennysheep_mini, nicolae_dithmenos_the_darkroom,
          mainiacjoe_overflow_brackets
D:7:      layout_gridville, nicolae_uskayaw_dance_studio, tso_altar,
          nicolae_sif_muna_condensation, mainiacjoe_overflow_boulevard,
          vehumet_crystals, ebering_ghost_xom, serial_shops,
          nicolae_shop_tiny_glass

Notes
Turn   | Place    | Note
-------+----------+-------------------------------------------
     0 | D:1      | sanka2 the Draconian Shapeshifter began the quest for the
                  | Orb.
     0 | D:1      | Reached XP level 1. HP: 16/16 MP: 1/1
    30 | D:1      | Reached skill level 2 in Dodging
    31 | D:1      | Reached XP level 2. HP: 8/23 MP: 2/2
   188 | D:1      | Reached skill level 2 in Fighting
   316 | D:1      | Reached XP level 3. HP: 26/29 MP: 3/3
   595 | D:1      | Reached skill level 4 in Unarmed Combat
  1418 | D:2      | Noticed Terence
  1427 | D:2      | Killed Terence
  1428 | D:2      | Reached XP level 4. HP: 36/36 MP: 4/4
  1447 | D:2      | Found a runed translucent door.
  1448 | D:2      | Noticed Crazy Yiuf
  1800 | D:2      | Found Gaqejuik's Antique Weapon Shoppe.
  1825 | D:2      | Noticed Sigmund
  1887 | D:2      | Found Dede Ism's Magic Scroll Shop.
  1898 | D:2      | Found Xaeffem's Magic Scroll Emporium.
  1901 | D:2      | Bought a scroll of identify for 22 gold pieces
  2128 | D:1      | Reached skill level 5 in Unarmed Combat
  2172 | D:2      | Reached XP level 5. HP: 35/41 MP: 5/5
  2275 | D:2      | Found Duaweyxuli's Magic Scroll Shop.
  2283 | D:2      | Bought a scroll of teleportation for 30 gold pieces
  3028 | D:3      | Found a white marble altar of Elyvilon.
  3418 | D:3      | Found a sparkling altar of Nemelex Xobeh.
  3449 | D:3      | Noticed Jessica
  3461 | D:3      | Killed Jessica
  3763 | D:3      | Became a worshipper of Nemelex Xobeh the Trickster
  3801 | D:4      | Found an iron altar of Okawaru.
  3878 | D:4      | Reached skill level 6 in Unarmed Combat
  4054 | D:4      | Reached XP level 6. HP: 25/48 MP: 6/6
  4383 | D:4      | Reached skill level 7 in Unarmed Combat
  4409 | D:4      | Found a basalt altar of Yredelemnul.
  4488 | D:5      | Entered Level 5 of the Dungeon
  4488 | D:5      | Noticed Edmund
  4563 | D:5      | Found a staircase to the Ecumenical Temple.
  4605 | D:5      | Found Cusch's Weapon Shop.
  4689 | D:5      | Reached * piety under Nemelex Xobeh
  4830 | D:5      | Found a glowing silver altar of Zin.
  4839 | D:5      | Your scales start taking on a fiery red colour.
  4839 | D:5      | Reached XP level 7. HP: 49/55 MP: 7/7
  4839 | D:5      | Gained mutation: Your flesh is heat resistant. (rF+) [Red
                  | Draconian growth]
  4902 | D:5      | Found Axtaewkaama's Antique Weapon Shoppe.
  4903 | D:5      | Found Jehuot's Weapon Emporium.
  4905 | D:5      | Found Bach's Magic Scroll Boutique.
  4905 | D:5      | Found Cerykyrgh's Distillery.
  4906 | D:5      | Found Cimmihew's Antique Weapon Boutique.
  4906 | D:5      | Found Rommov's General Store.
  4911 | D:5      | Bought a scroll of noise for 12 gold pieces
  4913 | D:5      | Bought a potion of heal wounds for 60 gold pieces
  4959 | D:5      | Reached skill level 8 in Unarmed Combat
  5080 | D:5      | Found a large runed translucent door.
  5080 | D:5      | Found a large runed translucent door.
  5080 | D:5      | Noticed a troll
  5097 | D:5      | Found a large runed translucent door.
  5097 | D:5      | Found a large runed translucent door.
  5286 | D:5      | Reached skill level 9 in Unarmed Combat
  5665 | D:2      | Killed Crazy Yiuf
  5854 | D:2      | Killed Sigmund
  5855 | D:2      | Reached XP level 8. HP: 59/61 MP: 8/8
  5892 | D:2      | Bought a scroll of identify for 20 gold pieces
  5892 | D:2      | Bought 3 scrolls of identify for 60 gold pieces
  5892 | D:2      | Bought a scroll of identify for 20 gold pieces
  5894 | D:2      | Identified 2 potions of resistance
  5925 | D:2      | Bought 2 scrolls of identify for 44 gold pieces
  5925 | D:2      | Bought a scroll of identify for 22 gold pieces
  6051 | D:5      | Killed Edmund
  6052 | D:5      | Reached skill level 4 in Shapeshifting
  6132 | D:5      | Reached skill level 10 in Unarmed Combat
  6291 | D:5      | Killed a troll
  6292 | D:5      | Reached skill level 5 in Shapeshifting
  6486 | D:5      | Found Rommov's General Store.
  6498 | D:5      | Found Cusch's Weapon Shop.
  6560 | D:5      | Found a staircase to the Ecumenical Temple.
  6594 | D:5      | Found a glowing silver altar of Zin.
  6782 | D:5      | Found Jehuot's Weapon Emporium.
  6783 | D:5      | Found Cimmihew's Antique Weapon Boutique.
  6783 | D:5      | Found Cerykyrgh's Distillery.
  6784 | D:5      | Found Bach's Magic Scroll Boutique.
  6784 | D:5      | Found Axtaewkaama's Antique Weapon Shoppe.
  7101 | D:6      | Found a stormy altar of Qazlal.
  7139 | D:6      | Received a gift from Nemelex Xobeh
  7191 | D:6      | Reached XP level 9. HP: 50/67 MP: 9/9
  7251 | D:6      | Found a shimmering altar of Xom.
  7534 | D:6      | Found a shadowy altar of Dithmenos.
  7581 | D:6      | Reached skill level 6 in Shapeshifting
  7627 | D:6      | Reached ** piety under Nemelex Xobeh
  7637 | D:6      | Reached skill level 11 in Unarmed Combat
  7806 | D:7      | Found a radiant altar of Vehumet.
  7934 | D:7      | Found a shimmering blue altar of Sif Muna.
  8174 | D:7      | Found a broken altar of Ashenzari.
  8272 | D:7      | Found Azosie's Jewellery Boutique.
  8291 | D:7      | Found a hide-covered altar of Uskayaw.
  8327 | D:7      | Found a runed translucent door.
  8327 | D:7      | Found a shimmering altar of Xom.
  8327 | D:7      | Noticed incide's ghost (novice GnHu)
  8327 | D:7      | Noticed a +3 trident of chaos
  8506 | D:7      | Found a glowing golden altar of the Shining One.
  8593 | D:7      | Reached *** piety under Nemelex Xobeh
  8847 | D:7      | Killed incide's ghost
  8848 | D:7      | Slain by a +3 trident of chaos

Vanquished Creatures
  The ghost of incide the Skirmisher, a novice GnHu of Ashenzari (D:7)
  A troll (D:5)
  Sigmund (D:2)
  A shadow (D:7)
  A steam dragon (D:6)
  Edmund (D:5)
  An acid dragon (D:5)
  A water moccasin (D:5)
  2 ice beasts (D:5)
  A black bear (D:6)
  An ogre (D:6)
  A centaur (D:5)
  2 kobold brigands (D:7)
  3 scorpions (D:5)
  A water moccasin zombie (D:4)
  4 howler monkeys
  4 hounds
  An orc priest (D:1)
  2 jellies
  Crazy Yiuf (D:2)
  Jessica (D:3)
  An iguana (D:6)
  Terence (D:2)
  A scorpion zombie (D:4)
  An orc wizard (D:4)
  5 gnolls
  10 adders
  3 white imps
  An ufetubus (D:5)
  2 adder zombies (D:4)
  2 dart slugs
  13 orcs
  4 ball pythons
  13 endoplasms
  3 giant cockroaches
  6 goblins
  7 hobgoblins
  7 jackals
  19 kobolds
  7 quokkas
  8 bats
  A frilled lizard (D:1)
  3 rats (D:1)
150 creatures vanquished.
